 Dungeon Crawl Stone Soup version 0.29.1-15-g9cfb28693d (webtiles) character file.

Game seed: 3359427088529400313

93 Farfigtubin the Chopper (level 4, 0/41 HPs)
             Began as a Hill Orc Fighter on Mar 12, 2023.
             Killed by nerve-wracking pain
             ... invoked by Grinder
              (4 damage)
             ... on level 3 of the Dungeon.
             The game lasted 00:08:34 (2994 turns).

Farfigtubin the Chopper (Hill Orc Fighter)          Turns: 2994, Time: 00:08:34

Health: 0/41       AC:  6    Str: 20    XL:     4   Next: 61%
Magic:  4/4        EV:  9    Int:  8    God:
Gold:   199        SH:  4    Dex: 10    Spells: 3/3 levels left

rFire   . . .      SeeInvis .   a - +0 war axe
rCold   . . .      Faith    .   c - +0 buckler
rNeg    . . .      Spirit   .   b - +0 scale mail
rPois   .          Reflect  .   (no helmet)
rElec   .          Harm     .   (no cloak)
rCorr   .          Rampage  .   (no gloves)
Will    .....                   (no boots)
Stlth   ..........              (no amulet)
HPRegen 0.13/turn               (no ring)
MPRegen 0.09/turn               (no ring)

@: mighty
A: no striking features
a: no special abilities


You were on level 3 of the Dungeon.
You visited 1 branch of the dungeon, and saw 3 of its levels.

You collected 199 gold pieces.

Inventory:

Hand Weapons
 a - a +0 war axe (weapon)
Missiles
 e - 17 stones (quivered)
 k - 5 poisoned darts
Armour
 b - a +0 scale mail (worn)
 c - a +0 buckler (worn)
Jewellery
 m - a ring of positive energy
Scrolls
 f - 2 scrolls of enchant weapon {unknown}
 g - 7 scrolls of identify {unknown}
 i - a scroll of butterflies {unknown}
 n - 2 scrolls of teleportation {unknown}
 q - a scroll of immolation {unknown}
 r - a scroll of vulnerability {unknown}
 s - a scroll of fear {unknown}
Potions
 h - 2 potions of magic {unknown}
 j - 3 potions of haste {unknown}
 l - a potion of degeneration {unknown}
 o - a potion of curing {unknown}
 p - a potion of invisibility {unknown}


   Skills:
 + Level 4.4 Fighting
 * Level 4.8 Axes
 - Level 3.2 Armour
 + Level 4.0 Shields


You had 3 spell levels left.
You didn't know any spells.
Your spell library contained the following spells:

 Spells                   Type           Power      Damage    Failure   Level
 Summon Small Mammal      Summ           0%         N/A       85%         1
 Call Canine Familiar     Summ           0%         N/A       99%         3
 Summon Guardian Golem    Hex/Summ       0%         N/A       99%         3


Dungeon Overview and Level Annotations

Branches:
Dungeon (3/15)

Altars:
Gozag
Beogh

Annotations:
D:2 1 runed translucent door, Crazy Yiuf
D:3 Grinder


Message History

* * * LOW HITPOINT WARNING * * *
You writhe in agony.
* * * LOW HITPOINT WARNING * * *
You barely miss Grinder.
Grinder is moderately wounded.
Grinder says, "There's only one good use for a tongue: cutting it out."
Grinder gestures at you.
You suddenly lose the ability to move!
Grinder completely misses you. Grinder gestures at you.
You shrug off the repeated paralysis!
Grinder gestures at you.
You barely resist. Grinder hits you.
* * * LOW HITPOINT WARNING * * *
You can move again.
You barely miss Grinder.
Grinder is lightly wounded.
Grinder gestures at you.
You shrug off the repeated paralysis!
Grinder gestures at you.
You shrug off the repeated paralysis!
You barely miss Grinder.
Grinder is lightly wounded.
Grinder blinks!
Grinder says, "Just stop there for a second..."
Grinder gestures at you.
You barely resist.
Grinder blinks!
Grinder blinks!
You closely miss Grinder.
Grinder is lightly wounded.
Grinder hits you but does no damage.
You closely miss Grinder.
Grinder is lightly wounded.
Grinder blinks!
Grinder blinks!
Grinder gestures at you. Pain shoots through your body!
You die...

####.# ##.## #.# #....#
#####...########. #.###
##..............## # #.#
##........######.# #.#.#
#...>.......>###.#
#.#.####......#.........#
#>..................##..#
###.####.#..<###....##..##
#......@...# ##........†
#..###.##..# ###.......
#..###.##..# #..#..##
#...##.##..# #..#..#
#....5.##..# #..#..#
###'#####..######..#..#
#####.#####.............##
#5..†.....##.######.......
#..#######..### ##.#####


You could see Grinder.

Vanquished Creatures
  3 adders (D:2)
  2 dart slugs
  A worm (D:2)
  An orc (D:2)
  3 endoplasms
  3 giant cockroaches
  8 goblins
  2 hobgoblins
  4 jackals (D:2)
  4 quokkas
  4 ball pythons
  3 bats
  3 frilled lizards
  4 kobolds
  15 rats
60 creatures vanquished.

Vanquished Creatures (others)
  A fungus (D:2)
1 creature vanquished.

Grand Total: 61 creatures vanquished

Notes
Turn   | Place    | Note
-------+----------+-------------------------------------------
     0 | D:1      | Farfigtubin the Hill Orc Fighter began the quest for the
                  | Orb.
     0 | D:1      | Reached XP level 1. HP: 19/19 MP: 1/1
   283 | D:2      | Reached XP level 2. HP: 24/27 MP: 2/2
   691 | D:1      | Reached XP level 3. HP: 33/33 MP: 3/3
  1855 | D:2      | Reached XP level 4. HP: 40/40 MP: 4/4
  2184 | D:2      | Found a roughly hewn altar of Beogh.
  2209 | D:2      | Found a faded altar of an unknown god.
  2406 | D:2      | Found a runed translucent door.
  2407 | D:2      | Noticed Crazy Yiuf
  2934 | D:3      | Found a faded altar of an unknown god.
  2934 | D:3      | Found an opulent altar of Gozag.
  2941 | D:3      | Noticed Grinder
  2975 | D:3      | Paralysed by Grinder for 5 turns
  2979 | D:3      | HP: 2/41 [Grinder (3)]
  2994 | D:3      | Killed from afar by Grinder

Illustrated notes

Levels and vault maps discovered:
D:1:      dpeg_arrival_circle_labyrinth_c, layout_basic, serial_glass,
          glass_columns_c, glass_columns_c, minmay_rat_gold_closets
D:2:      minmay_diamond_boxcup, layout_loops_ring,
          hellmonk_ecumenical_altar_defaced_shrine,
          hangedman_abyss_or_decor_stabs, uniq_crazy_yiuf_cottage
D:3:      layout_loops_ring, chequers_temple_overflow_minitemple,
          kennysheep_cross_room, uniq_grinder

Skill      XL: |  1  2  3  4 |
---------------+-------------+-----
Axes           | 3 4 |  4.8
Fighting       | 4 |  4.4
Shields        | 4 |  4.0
Armour         | |  3.2

Action                   |  1- 3 |  4- 6 || total
-------------------------+-------+-------++-------
Melee: War axe           |   107 |    65 ||   172
  Use: Potion            |       |     1 ||     1
Armor: Scale mail        |    65 |    21 ||    86
Dodge: Dodged            |    47 |    16 ||    63
Block: Buckler           |    21 |     7 ||    28
